[Event "Titled Tuesday Blitz June 22 2021"]
[White "Shevchenko, Kirill"]
[Black "Spitzl, Vinzent"]
[WhiteFideId "14129574"]
[BlackFideId "12901253"]
[WhiteElo "2569"]
[BlackElo "2192"]
[Result "1-0"]
[Round "01"]
[TimeControl "180+1"]
[Date "2021.06.22"]
[WhiteClock "0:01:02"]
[BlackClock "0:00:31"]

1. c4 e6 2. Nf3 d5 3. e3 Nf6 4. b3 Be7 5. Bb2 O-O 6. Nc3 c5 7. cxd5 Nxd5 8. Qc2 Nc6 9. h4 b6 10. Ng5 f5 11. g4 Bxg5 12. hxg5 Qxg5 13. gxf5 Qxf5 14. Qxf5 Rxf5 15. e4 Nxc3 16. exf5 Nd5 17. Bc4 Bd7 18. Rg1 Nd4 19. Bxd4 cxd4 20. Rg4 b5 21. Bxd5 exd5 22. Rxd4 Re8+ 23. Kf1 Re5 24. Rc1 Rxf5 25. Rc5 Kf7 26. Rdxd5 Rxd5 27. Rxd5 Ke6 28. Rc5 h6 29. d4 Kd6 30. f4 g6 31. Kf2 h5 32. Kg3 Bf5 33. Rxb5 Kc6 34. Ra5 Kb6 35. b4 1-0


[Site "https://www.chess.com"]

[Event "Titled Tuesday Blitz June 22 2021"]
[White "Shevtchenko, Olesya"]
[Black "Korobov, Anton"]
[WhiteFideId "24131890"]
[BlackFideId "14105730"]
[WhiteElo "2003"]
[BlackElo "2668"]
[Result "0-1"]
[Round "01"]
[TimeControl "180+1"]
[Date "2021.06.22"]
[WhiteClock "0:00:06"]
[BlackClock "0:01:09"]

1. e4 c5 2. Nf3 Nc6 3. d4 cxd4 4. Nxd4 Qb6 5. Nb3 Nf6 6. Be3 Qc7 7. Nc3 e6 8. f3 Bb4 9. Bd3 d5 10. O-O Bxc3 11. bxc3 O-O 12. Bg5 dxe4 13. fxe4 Nd7 14. Nd4 Nde5 15. Bf4 Qa5 16. Nxc6 Nxc6 17. e5 Nxe5 18. Bxh7+ Kxh7 19. Qh5+ Kg8 20. Qxe5 Qxe5 21. Bxe5 Bd7 22. Rad1 Bb5 23. Rf4 f6 24. Bd6 Rfc8 25. a4 e5 26. Rb4 Bc6 27. a5 Kf7 28. Bc5 a6 29. Bb6 Rh8 30. h3 Rh5 31. Rg4 Rg8 32. Rf1 Ke6 33. Rg6 Rf5 34. Rg3 Rxf1+ 35. Kxf1 Be4 36. c4 Bxc2 37. c5 Be4 38. Bc7 g5 39. Bd6 f5 40. Rb3 Bc6 41. Kf2 f4 42. g3 Kf5 43. g4+ Ke6 44. Rb2 e4 45. Rd2 e3+ 0-1


[Site "https://www.chess.com"]

[Event "Titled Tuesday Blitz June 22 2021"]
[White "Shishkov, Andrei"]
[Black "Bortnyk, Olexandr"]
[WhiteFideId "4500563"]
[BlackFideId "14120828"]
[WhiteElo "2312"]
[BlackElo "2723"]
[Result "0-1"]
[Round "01"]
[TimeControl "180+1"]
[Date "2021.06.22"]
[WhiteClock "0:00:02"]
[BlackClock "0:01:30"]

1. d4 d6 2. e4 Nf6 3. f3 c5 4. d5 e6 5. c4 Be7 6. Ne2 O-O 7. Nec3 a6 8. a4 Nbd7 9. Be2 Ne5 10. O-O Bd7 11. f4 Ng6 12. e5 Ne8 13. dxe6 fxe6 14. Bf3 dxe5 15. Bxb7 Ra7 16. Be4 Nxf4 17. g3 Nh3+ 18. Kg2 Rxf1 19. Qxf1 Ng5 20. Bxg5 Bxg5 21. Qd3 Nf6 22. Nd2 Qb8 23. Rf1 Qxb2 24. Rf2 Bxd2 25. Rxd2 Qb3 26. Kh3 Rc7 27. Qd6 Qxc3 28. Qxc7 Qxd2 29. Qd8+ Kf7 30. Bc6 Qh6+ 0-1


[Site "https://www.chess.com"]

[Event "Titled Tuesday Blitz June 22 2021"]
[White "Sukandar, Irine Kharisma"]
[Black "Sjugirov, Sanan"]
[WhiteFideId "7101937"]
[BlackFideId "4189302"]
[WhiteElo "2313"]
[BlackElo "2472"]
[Result "0-1"]
[Round "01"]
[TimeControl "180+1"]
[Date "2021.06.22"]
[WhiteClock "0:00:01"]
[BlackClock "0:00:12"]

1. d4 Nf6 2. Nf3 g6 3. Nc3 d5 4. Bf4 Bg7 5. e3 O-O 6. Nb5 Na6 7. c4 c5 8. Bd3 Bg4 9. O-O cxd4 10. exd4 Nb4 11. Be2 dxc4 12. Ne5 Bxe2 13. Qxe2 Nbd5 14. Bg3 a6 15. Nc3 b5 16. a4 Qb6 17. Nxd5 Nxd5 18. Nd7 Qc6 19. Nxf8 Rxf8 20. axb5 axb5 21. Rfd1 Rc8 22. Qe4 e6 23. Be5 b4 24. Bxg7 Kxg7 25. Qe5+ Kg8 26. Ra5 Qb6 27. Rda1 c3 28. Ra8 Qc6 29. Rxc8+ Qxc8 30. bxc3 bxc3 31. Qd6 h5 32. Qc5 Qb7 33. g3 Kg7 34. h4 Qb2 35. Ra8 Qb1+ 36. Kh2 Qe1 37. Qf8+ Kf6 38. Qd8+ Ne7 39. Kg2 Qe4+ 40. Kh2 Qe2 41. Qh8+ Kf5 42. Ra5+ Nd5 43. Kg1 c2 44. Qc8 Qe1+ 45. Kg2 c1=Q 0-1


[Site "https://www.chess.com"]

[Event "Titled Tuesday Blitz June 22 2021"]
[White "Tabatabaei, M. Amin"]
[Black "Popadic, Dragan"]
[WhiteFideId "12521213"]
[BlackFideId "913650"]
[WhiteElo "2555"]
[BlackElo "2207"]
[Result "1-0"]
[Round "01"]
[TimeControl "180+1"]
[Date "2021.06.22"]
[WhiteClock "0:00:25"]
[BlackClock "0:00:21"]

1. d4 Nf6 2. c4 g6 3. Nc3 Bg7 4. e4 d6 5. Be2 O-O 6. Nf3 e5 7. d5 a5 8. Bg5 h6 9. Bh4 Na6 10. Nd2 Bd7 11. a3 Qe8 12. Qc2 Nh7 13. f3 f5 14. O-O-O Nc5 15. Kb1 a4 16. Bf2 Nf6 17. Rdf1 c6 18. dxc6 bxc6 19. Bxc5 dxc5 20. Nxa4 Qe7 21. Nb6 Rab8 22. Nxd7 Qxd7 23. Rd1 Qa7 24. Ka2 Rfd8 25. Nb3 f4 26. Rxd8+ Rxd8 27. Rd1 Rb8 28. Qc3 Ne8 29. Rd2 Qb6 30. Bd1 Nc7 31. Qa5 Ne6 32. Rd6 Nd4 33. Qxb6 Rxb6 34. Rxg6 Kf7 35. Rg4 Bf6 36. Nxd4 cxd4 37. c5 Rb5 38. b4 h5 39. Bb3+ Ke7 40. Rg8 Rb7 41. Bc4 Rd7 42. Bd3 Ra7 43. Kb3 Kf7 44. Rc8 Be7 45. Rxc6 h4 46. h3 Ra8 47. Bc4+ Kg7 48. a4 1-0


[Site "https://www.chess.com"]

[Event "Titled Tuesday Blitz June 22 2021"]
[White "Zemach, Roee"]
[Black "Zhigalko, Sergei"]
[WhiteFideId "2818531"]
[BlackFideId "13502956"]
[WhiteElo "2131"]
[BlackElo "2662"]
[Result "0-1"]
[Round "01"]
[TimeControl "180+1"]
[Date "2021.06.22"]
[WhiteClock "0:00:47"]
[BlackClock "0:00:08"]

1. d4 Nf6 2. c4 e6 3. g3 c5 4. d5 exd5 5. cxd5 d6 6. Nc3 g6 7. Bg2 Bg7 8. Nf3 O-O 9. O-O Re8 10. Bf4 a6 11. a4 Nh5 12. Bg5 Qc7 13. Qd2 Nd7 14. Rfc1 b6 15. Rab1 Bb7 16. b4 Rac8 17. Nd1 Nhf6 18. Ne1 Ne4 19. Bxe4 Rxe4 20. Nf3 Nf6 21. bxc5 bxc5 22. Nc3 Ree8 23. Qd3 h6 24. Bf4 Nh5 25. Be3 Rb8 26. Nd2 Bc8 27. Rxb8 Qxb8 28. Rb1 Qc7 29. Nc4 Bf5 30. Qd2 Bxc3 31. Qxc3 Bxb1 32. Bxh6 Qe7 33. g4 Nf6 34. Bg5 Ne4 35. Bxe7 Nxc3 36. Bxd6 Rxe2 37. Bxc5 Nxd5 38. Nd6 Be4 39. Kf1 Bd3 40. Kg2 Rc2 41. Kf3 Be2+ 42. Ke4 Rxc5 43. Kd4 Ra5 44. Nc4 Rxa4 45. Kxd5 Bxc4+ 46. Ke5 Bb5 47. Kf6 Rxg4 48. f4 Rxf4+ 49. Kg5 Rf5+ 50. Kh6 Rh5# 0-1


[Site "https://www.chess.com"]

[Event "Titled Tuesday Blitz June 22 2021"]
[White "Abrashkin, Boris"]
[Black "Tabatabaei, M. Amin"]
[WhiteFideId "4120582"]
[BlackFideId "12521213"]
[WhiteElo "2592"]
[BlackElo "2555"]
[Result "1/2-1/2"]
[Round "02"]
[TimeControl "180+1"]
[Date "2021.06.22"]
[WhiteClock "0:00:04"]
[BlackClock "0:00:02"]

1. d4 d5 2. c4 e6 3. Nc3 c6 4. e3 Bd6 5. Bd3 f5 6. g4 Nf6 7. gxf5 exf5 8. Qc2 O-O 9. cxd5 Nxd5 10. Bc4 Kh8 11. Nge2 Be6 12. Qb3 Nd7 13. Bxd5 Bxd5 14. Nxd5 cxd5 15. Qxd5 Nf6 16. Qxf5 Qe7 17. Nc3 Bb4 18. Qe5 Qf7 19. Bd2 Ng4 20. Qg3 Qxf2+ 21. Qxf2 Nxf2 22. Rf1 Nd3+ 23. Ke2 Nxb2 24. Rxf8+ Rxf8 25. Rb1 Bxc3 26. Bxc3 Na4 27. Be1 Rf7 28. Kd3 a6 29. e4 b5 30. e5 g5 31. d5 Rf3+ 32. Ke4 Rf4+ 33. Ke3 Nc5 34. Bg3 Re4+ 35. Kf3 h5 36. Rc1 g4+ 37. Kg2 Nd3 38. Rc8+ Kg7 39. e6 h4 40. Bd6 Re2+ 41. Kf1 Re1+ 42. Kg2 Re2+ 43. Kf1 Re1+ 44. Kg2 Re2+ 1/2-1/2


[Site "https://www.chess.com"]

[Event "Titled Tuesday Blitz June 22 2021"]
[White "Bluebaum, Matthias"]
[Black "Siniauski, Artsiom"]
[WhiteFideId "24651516"]
[BlackFideId "13512269"]
[WhiteElo "2685"]
[BlackElo "2212"]
[Result "1-0"]
[Round "02"]
[TimeControl "180+1"]
[Date "2021.06.22"]
[WhiteClock "0:00:20"]
[BlackClock "0:00:01"]

1. d4 Nf6 2. c4 e6 3. Nc3 Bb4 4. e3 c5 5. Ne2 cxd4 6. exd4 d5 7. c5 Nc6 8. a3 Bxc3+ 9. Nxc3 b6 10. Bb5 Bd7 11. b4 bxc5 12. bxc5 O-O 13. O-O Na5 14. Bd3 Rb8 15. Bf4 Rb2 16. Qc1 Rb3 17. Qc2 Bc6 18. Rfb1 Rxb1+ 19. Rxb1 h6 20. h3 Nc4 21. Qb3 Nh5 22. Bc1 Qf6 23. Ne2 e5 24. dxe5 Nxe5 25. Nd4 Bd7 26. Bf1 Be6 27. Be3 Nf4 28. Rc1 Rc8 29. c6 Rc7 30. Nxe6 fxe6 31. Qb8+ Kh7 32. Qxc7 Nxh3+ 33. gxh3 Nf3+ 34. Kh1 Qf5 35. Qg3 d4 36. Bg2 Ne5 37. Bxd4 1-0


[Site "https://www.chess.com"]

[Event "Titled Tuesday Blitz June 22 2021"]
[White "Bortnyk, Olexandr"]
[Black "Zarubitski, Viachaslau"]
[WhiteFideId "14120828"]
[BlackFideId "13509373"]
[WhiteElo "2723"]
[BlackElo "2363"]
[Result "1-0"]
[Round "02"]
[TimeControl "180+1"]
[Date "2021.06.22"]
[WhiteClock "0:00:04"]
[BlackClock "0:00:01"]

1. d4 d5 2. Bf4 Nf6 3. e3 c5 4. Nd2 e6 5. Ngf3 Nc6 6. c3 Bd6 7. Ne5 O-O 8. Bd3 Ne7 9. Bg5 Ng6 10. f4 cxd4 11. exd4 h6 12. Bxf6 Qxf6 13. Bxg6 fxg6 14. O-O g5 15. fxg5 Qxg5 16. Rxf8+ Kxf8 17. Qf3+ Ke7 18. Qf7+ Kd8 19. Rf1 Qe3+ 20. Rf2 Qe1+ 21. Nf1 Bxe5 22. dxe5 Qxe5 23. Qf8+ Kc7 24. Rf7+ Kb6 25. Qb4+ Kc6 26. a4 b6 27. Qb5+ Kd6 28. Qe8 Rb8 29. b4 Qxc3 30. Qe7+ Ke5 31. Rf2 Bb7 32. Qxg7+ Ke4 33. Qxc3 1-0


[Site "https://www.chess.com"]

[Event "Titled Tuesday Blitz June 22 2021"]
[White "Demchenko, Anton"]
[Black "Trent, Lawrence"]
[WhiteFideId "4160258"]
[BlackFideId "408638"]
[WhiteElo "2593"]
[BlackElo "2474"]
[Result "1-0"]
[Round "02"]
[TimeControl "180+1"]
[Date "2021.06.22"]
[WhiteClock "0:00:45"]
[BlackClock "0:00:12"]

1. e4 e5 2. Nf3 Nc6 3. Bc4 Nf6 4. d3 Be7 5. O-O O-O 6. Re1 d6 7. a4 Kh8 8. h3 Ng8 9. Nc3 f5 10. Nd5 Bf6 11. b4 Nge7 12. Ng5 Bxg5 13. Bxg5 Qd7 14. b5 Nxd5 15. bxc6 bxc6 16. exd5 f4 17. dxc6 Qxc6 18. Bb5 Qd5 19. c4 Qf7 20. Bc6 Rb8 21. d4 Qg6 22. Be7 Bxh3 23. Bxf8 Rxf8 24. Be4 Qg5 25. Ra3 Bg4 26. Bf3 h5 27. dxe5 dxe5 28. Qd5 Rf5 29. Qa8+ Kh7 30. Be4 f3 31. Bxf5+ Qxf5 32. Rxf3 Bxf3 1-0


[Site "https://www.chess.com"]

[Event "Titled Tuesday Blitz June 22 2021"]
[White "Dubov, Daniil"]
[Black "Rostovtsev, Dmitry"]
[WhiteFideId "24126055"]
[BlackFideId "34278320"]
[WhiteElo "2722"]
[BlackElo "2143"]
[Result "1-0"]
[Round "02"]
[TimeControl "180+1"]
[Date "2021.06.22"]
[WhiteClock "0:00:23"]
[BlackClock "0:00:03"]

1. d4 Nf6 2. c4 g6 3. Nf3 Bg7 4. g3 O-O 5. Bg2 d6 6. O-O Nc6 7. Nc3 e5 8. dxe5 dxe5 9. Bg5 h6 10. Qxd8 Rxd8 11. Bxf6 Bxf6 12. Nd5 Kg7 13. Nxc7 Rb8 14. Nd5 e4 15. Nd2 e3 16. Nxf6 Rxd2 17. fxe3 Rxb2 18. Ne8+ Kf8 19. Nd6 Be6 20. Bd5 Ke7 21. Nxf7 Rxe2 22. Rad1 Rf8 23. Nxh6 Rh8 24. Bxe6 Kxe6 25. Ng4 Ne5 26. Rf6+ Ke7 27. Rf2 Rxf2 28. Nxf2 Nxc4 29. Rd4 Nd6 30. Nd3 Rc8 31. Ne5 g5 32. Nf3 Rc5 33. a4 Nf5 34. Re4+ Kf6 35. g4 Nd6 36. Rd4 Ke6 37. Kg2 Nf7 38. Kg3 Ra5 39. Rb4 b6 40. h4 gxh4+ 41. Kxh4 Ne5 42. Re4 Kd6 43. Rxe5 Rxe5 44. Nxe5 Kxe5 45. g5 a6 46. Kh5 b5 47. g6 bxa4 48. g7 a3 49. g8=Q Ke4 1-0


[Site "https://www.chess.com"]

[Event "Titled Tuesday Blitz June 22 2021"]
[White "Gahan, M G"]
[Black "Kollars, Dmitrij"]
[WhiteFideId "5027373"]
[BlackFideId "12909572"]
[WhiteElo "2264"]
[BlackElo "2576"]
[Result "0-1"]
[Round "02"]
[TimeControl "180+1"]
[Date "2021.06.22"]
[WhiteClock "0:00:30"]
[BlackClock "0:01:22"]

1. e4 c6 2. d4 d5 3. exd5 cxd5 4. c4 Nf6 5. Nc3 g6 6. Qb3 Bg7 7. cxd5 O-O 8. Be2 a6 9. Bf3 Nbd7 10. Nge2 Rb8 11. Bf4 Ra8 12. a4 Ne8 13. O-O Nd6 14. a5 Nf6 15. h3 Bf5 16. Ng3 Bd7 17. Bxd6 exd6 18. Qxb7 h5 19. Qb4 Qb8 20. Qxb8 Rfxb8 21. Rfb1 Ne8 22. Nge2 Rb3 23. Ra3 Rb4 24. Na2 Rb7 25. Rc3 Bf5 26. Ra1 Rxb2 27. g4 hxg4 28. hxg4 Bd7 29. Nac1 Nf6 30. Nd3 Rd2 31. g5 Nh7 32. Kf1 Nxg5 33. Bg2 Bb5 34. Raa3 Re8 0-1


[Site "https://www.chess.com"]

[Event "Titled Tuesday Blitz June 22 2021"]
[White "Garcia Ramos, Daniel"]
[Black "Shevchenko, Kirill"]
[WhiteFideId "32010311"]
[BlackFideId "14129574"]
[WhiteElo "2321"]
[BlackElo "2569"]
[Result "0-1"]
[Round "02"]
[TimeControl "180+1"]
[Date "2021.06.22"]
[WhiteClock "0:00:01"]
[BlackClock "0:00:56"]

1. c4 Nf6 2. Nf3 d6 3. g3 g6 4. Bg2 Bg7 5. O-O O-O 6. d4 Nc6 7. Nc3 Bf5 8. Nh4 Bd7 9. e4 e5 10. d5 Nd4 11. Ne2 b5 12. Nxd4 exd4 13. Qxd4 Ng4 14. Qd1 bxc4 15. Nf3 Rb8 16. Qc2 Re8 17. h3 Ne5 18. Nxe5 Bxe5 19. Rd1 Rb4 20. Rb1 Qb8 21. Bd2 Ba4 22. b3 cxb3 23. Qd3 bxa2 24. Rxb4 Bxd1 25. Rxb8 Rxb8 26. Bc3 Bxc3 27. Qxc3 Rb1 28. Qxc7 a1=Q 29. Kh2 Qf6 30. Qc8+ Kg7 31. f4 Rb2 32. Kg1 0-1


[Site "https://www.chess.com"]

[Event "Titled Tuesday Blitz June 22 2021"]
[White "Gevorgyan, David Sh."]
[Black "Nguyen, Ngoc Truong Son"]
[WhiteFideId "13303244"]
[BlackFideId "12401110"]
[WhiteElo "2255"]
[BlackElo "2596"]
[Result "1-0"]
[Round "02"]
[TimeControl "180+1"]
[Date "2021.06.22"]
[WhiteClock "0:00:08"]
[BlackClock "0:00:08"]

1. d4 Nf6 2. c4 e6 3. Nc3 Bb4 4. e3 c5 5. Bd2 O-O 6. a3 Bxc3 7. Bxc3 Ne4 8. Qc2 Nxc3 9. Qxc3 d6 10. Rd1 Qe7 11. Nf3 b6 12. Be2 Bb7 13. O-O Nd7 14. Rd2 Nf6 15. Bd3 Bxf3 16. gxf3 Rac8 17. Bb1 g6 18. dxc5 Rxc5 19. b4 Rh5 20. Rfd1 d5 21. c5 bxc5 22. Qxc5 Qxc5 23. bxc5 Rc8 24. Rc2 Nd7 25. c6 Ne5 26. c7 Nxf3+ 27. Kg2 Ne5 28. Ba2 Rh4 29. f4 Ng4 30. Kg3 Nxe3 31. Rb1 Nf5+ 32. Kg2 Rxf4 33. Rb8 Ne7 34. Rcb2 Kg7 35. Rxc8 Nxc8 36. Rb8 Nd6 37. Rd8 Rd4 38. Rxd6 Rd2+ 39. Kf3 Rc2 40. Rd7 h5 41. Bb1 Rc6 42. Bd3 g5 43. Ba6 1-0


[Site "https://www.chess.com"]

[Event "Titled Tuesday Blitz June 22 2021"]
[White "Hansen, Eric"]
[Black "Reshetkov, Kirill"]
[WhiteFideId "2606771"]
[BlackFideId "14109050"]
[WhiteElo "2568"]
[BlackElo "2318"]
[Result "1-0"]
[Round "02"]
[TimeControl "180+1"]
[Date "2021.06.22"]
[WhiteClock "0:01:18"]
[BlackClock "0:01:22"]

1. c4 e5 2. Nc3 Nf6 3. Nf3 d6 4. d4 Nbd7 5. e4 Be7 6. Be2 O-O 7. O-O c6 8. Re1 a6 9. Bf1 b5 10. b3 Bb7 11. d5 b4 12. dxc6 Bxc6 13. Nd5 Bxd5 14. cxd5 Nc5 15. Nd2 Nfd7 16. Nc4 Nb6 17. Bd2 Nxc4 18. Bxc4 a5 19. a3 Qb6 20. g3 bxa3 21. Rxa3 Rfb8 22. Qf3 g6 23. Rea1 a4 24. b4 Nd7 25. Rxa4 Rxa4 26. Rxa4 Qd4 27. Bd3 Nb6 28. Ra7 Nxd5 29. Rd7 Nxb4 30. Rxe7 Rf8 31. Bh6 Nxd3 32. Qxf7+ Rxf7 33. Re8+ Rf8 34. Rxf8# 1-0


[Site "https://www.chess.com"]

[Event "Titled Tuesday Blitz June 22 2021"]
[White "Horobetz, Graham"]
[Black "Abdusattorov, Nodirbek"]
[WhiteFideId "2047322"]
[BlackFideId "14204118"]
[WhiteElo "2603"]
[BlackElo "2662"]
[Result "0-1"]
[Round "02"]
[TimeControl "180+1"]
[Date "2021.06.22"]
[WhiteClock "0:00:02"]
[BlackClock "0:00:27"]

1. e4 d5 2. exd5 Qxd5 3. Nc3 Qa5 4. d4 Nf6 5. Nf3 Bf5 6. Ne5 c6 7. Nc4 Qc7 8. Qf3 Bg4 9. Bf4 Bxf3 10. Bxc7 Bd5 11. Bxb8 Rxb8 12. Nxd5 cxd5 13. Ne5 a6 14. a4 b5 15. axb5 axb5 16. Ra5 e6 17. Bxb5+ Kd8 18. Nxf7+ Kc7 19. c3 Kb6 20. b4 Rg8 21. Bd3 Be7 22. Ke2 Rgc8 23. Rha1 Bf8 24. Ra6+ Kc7 25. Ng5 Kd7 26. Ra7+ Ke8 27. Kd2 Rb6 28. R1a6 Rcb8 29. Nxe6 g6 30. f3 Bh6+ 31. Kc2 Be3 32. g4 Rxa6 33. Bxa6 Rb6 34. Nc7+ Kd8 35. Kd3 Bf4 36. Nb5 Bxh2 37. Ra8+ Bb8 38. g5 Nh5 39. Nd6 Nf4+ 40. Kc2 Ne6 41. Nf7+ Ke7 42. Ne5 Bxe5 43. dxe5 Nxg5 44. f4 Ne6 45. Ra7+ Kd8 46. Bf1 h5 47. f5 gxf5 48. Rh7 Nf4 49. Rf7 Rh6 50. Rxf5 Ng6 51. Rf6 h4 52. Bd3 h3 53. Rd6+ Ke7 54. Rxd5 Nf4 55. Rd6 Rh5 56. Be4 Rxe5 57. Rd4 Ne2 58. Rc4 Ng3 59. Bc6 Nf5 60. b5 Ne3+ 61. Kb3 Nxc4 62. Kxc4 Kd6 63. Kd4 h2 64. c4 Rg5 65. Be4 Rg4 66. c5+ Kd7 67. c6+ Kd6 68. c7 Kxc7 0-1


[Site "https://www.chess.com"]

[Event "Titled Tuesday Blitz June 22 2021"]
[White "Iskusnyh, Sergei"]
[Black "Sarana, Alexey"]
[WhiteFideId "4120027"]
[BlackFideId "24133795"]
[WhiteElo "2492"]
[BlackElo "2629"]
[Result "0-1"]
[Round "02"]
[TimeControl "180+1"]
[Date "2021.06.22"]
[WhiteClock "0:00:01"]
[BlackClock "0:00:14"]

1. d4 Nf6 2. c4 e6 3. g3 Be7 4. Bg2 d5 5. Nf3 O-O 6. O-O dxc4 7. Qa4 a6 8. Qxc4 b5 9. Qc2 Bb7 10. Bd2 Be4 11. Qc1 Nc6 12. e3 Nb4 13. Bxb4 Bxb4 14. a3 Bd6 15. Nbd2 Bb7 16. Qc2 Qe7 17. Ng5 Bxg2 18. Kxg2 e5 19. dxe5 Bxe5 20. Ngf3 Bd6 21. Qc6 Nd7 22. Rac1 Rab8 23. Qxa6 Nc5 24. Qc6 b4 25. Nc4 Qe6 26. Nxd6 cxd6 27. axb4 Rxb4 28. Nd4 Qg6 29. b3 h5 30. h4 Rfb8 31. Rfd1 R8b6 32. Qa8+ Kh7 33. Qd5 Ne4 34. Nf3 R4b5 35. Qa8 Rxb3 36. Rd4 d5 37. Rxe4 Qxe4 0-1


[Site "https://www.chess.com"]

[Event "Titled Tuesday Blitz June 22 2021"]
[White "Jia, Haoxiang"]
[Black "Andreikin, Dmitry"]
[WhiteFideId "8602999"]
[BlackFideId "4158814"]
[WhiteElo "2610"]
[BlackElo "2782"]
[Result "1-0"]
[Round "02"]
[TimeControl "180+1"]
[Date "2021.06.22"]
[WhiteClock "0:00:09"]
[BlackClock "0:00:03"]

1. Nf3 Nf6 2. b3 g6 3. Bb2 Bg7 4. e3 c5 5. d4 cxd4 6. exd4 O-O 7. c4 d5 8. Be2 Nc6 9. O-O dxc4 10. bxc4 Nh5 11. Qd2 Bg4 12. d5 Bxf3 13. Bxf3 Ne5 14. Be2 Qb6 15. Bc3 Rac8 16. Na3 Qa6 17. Bb4 Nf6 18. Rac1 Qa4 19. Bxe7 Rfe8 20. Bxf6 Bxf6 21. Nb5 Red8 22. c5 Qh4 23. d6 Nc6 24. g3 Qh3 25. Bf3 a6 26. Bg2 Qh5 27. Nc7 Nd4 28. Rfe1 Kg7 29. Nd5 Nf3+ 30. Bxf3 Qxf3 31. Nxf6 Qxf6 32. Qd5 Rc6 33. Re7 h5 34. Rxb7 Rdxd6 35. cxd6 Rxc1+ 36. Kg2 h4 37. Rb4 1-0


[Site "https://www.chess.com"]

[Event "Titled Tuesday Blitz June 22 2021"]
[White "Khumalo, Keith"]
[Black "Jobava, Baadur"]
[WhiteFideId "14319470"]
[BlackFideId "13601520"]
[WhiteElo "1992"]
[BlackElo "2748"]
[Result "0-1"]
[Round "02"]
[TimeControl "180+1"]
[Date "2021.06.22"]
[WhiteClock "0:01:54"]
[BlackClock "0:01:52"]

1. d4 Nf6 2. c4 e6 3. Nf3 Bb4+ 4. Bd2 Bxd2+ 5. Qxd2 O-O 6. Nc3 d5 7. g3 Nbd7 8. Bg2 dxc4 9. O-O Qe7 10. e4 Rd8 11. e5 Nd5 12. Ng5 Nxc3 13. bxc3 Nxe5 14. h4 h6 15. Ne4 Nd3 16. Rab1 Rb8 17. Qe3 b6 18. Nd2 Ba6 19. Be4 c5 20. d5 exd5 21. Bxd3 Qxe3 22. Bh7+ Kxh7 23. fxe3 f6 24. Rfe1 Re8 25. Re2 d4 0-1


[Site "https://www.chess.com"]

[Event "Titled Tuesday Blitz June 22 2021"]
[White "Kislov, Oleg"]
[Black "Kamsky, Gata"]
[WhiteFideId "13503774"]
[BlackFideId "2000024"]
[WhiteElo "2252"]
[BlackElo "2644"]
[Result "1/2-1/2"]
[Round "02"]
[TimeControl "180+1"]
[Date "2021.06.22"]
[WhiteClock "0:00:36"]
[BlackClock "0:00:18"]

1. e4 e5 2. Nf3 Nc6 3. d4 exd4 4. Nxd4 Bc5 5. Be3 Qf6 6. c3 Nge7 7. Bc4 O-O 8. O-O Bb6 9. Nc2 Qg6 10. Nd2 d6 11. f4 Kh8 12. Bxb6 axb6 13. Ne3 f5 14. Nd5 fxe4 15. Nxc7 Bh3 16. Qe2 Rac8 17. Nd5 Nf5 18. Kh1 Bg4 19. Qxe4 Rce8 20. Qb1 Be2 21. Rf2 Qh5 22. Kg1 Bxc4 1/2-1/2


[Site "https://www.chess.com"]

[Event "Titled Tuesday Blitz June 22 2021"]
[White "Kopjonkin, Kirill"]
[Black "Quparadze, Giga"]
[WhiteFideId "24140090"]
[BlackFideId "13602250"]
[WhiteElo "2312"]
[BlackElo "2658"]
[Result "0-1"]
[Round "02"]
[TimeControl "180+1"]
[Date "2021.06.22"]
[WhiteClock "0:00:18"]
[BlackClock "0:01:32"]

1. e4 c5 2. Nf3 Nc6 3. d4 cxd4 4. Nxd4 Qc7 5. Nc3 e6 6. Be3 a6 7. Qd2 Nf6 8. O-O-O Bb4 9. f3 O-O 10. a3 Be7 11. g4 d6 12. h4 Ne5 13. h5 Nc4 14. Bxc4 Qxc4 15. g5 Nd7 16. g6 Nf6 17. h6 fxg6 18. hxg7 Rf7 19. Rh6 Rxg7 20. Rdh1 Bd7 21. Qg2 Rc8 22. f4 e5 23. fxe5 dxe5 24. Nf3 Ng4 25. Bd2 b5 26. Qh3 Nxh6 27. Qxd7 Bg5 28. Qd6 Nf7 29. Qxa6 Bxd2+ 30. Nxd2 Qc6 31. Qxb5 h5 32. Qxc6 Rxc6 33. Nd5 Ng5 34. Rg1 Ne6 35. Nf3 Nd4 36. Nxe5 Ne2+ 37. Kd2 Nxg1 38. Nxc6 h4 39. Ke3 Rf7 40. Nf4 g5 41. Nh5 Rf3+ 42. Kd4 h3 43. Ne7+ Kf7 44. Nf5 Ne2+ 45. Ke5 h2 0-1


[Site "https://www.chess.com"]

[Event "Titled Tuesday Blitz June 22 2021"]
[White "Korobov, Anton"]
[Black "Gelman, Alexander"]
[WhiteFideId "14105730"]
[BlackFideId "4118316"]
[WhiteElo "2668"]
[BlackElo "2375"]
[Result "1-0"]
[Round "02"]
[TimeControl "180+1"]
[Date "2021.06.22"]
[WhiteClock "0:00:50"]
[BlackClock "0:00:42"]

1. d4 Nf6 2. c4 c5 3. d5 d6 4. Nc3 Nbd7 5. e4 h6 6. f4 g5 7. Nh3 Bg7 8. Be2 gxf4 9. Bxf4 a6 10. O-O Qa5 11. Nf2 Ne5 12. Bxe5 dxe5 13. Nd3 Qc7 14. Qe1 h5 15. Rd1 Qd6 16. Qg3 Ng4 17. h3 h4 18. Qf3 Nf6 19. Kh1 Bd7 20. b4 b6 21. bxc5 bxc5 22. Qf2 Rc8 23. Rb1 Bh6 24. Qxh4 Kf8 25. Rb7 Bg7 26. Qg3 Nh5 27. Bxh5 Rxh5 28. Rfb1 Bf6 29. R1b6 Bh4 30. Rxd6 1-0


[Site "https://www.chess.com"]

[Event "Titled Tuesday Blitz June 22 2021"]
[White "Kovalev, Vladislav"]
[Black "Nouri, Alekhine"]
[WhiteFideId "13504398"]
[BlackFideId "5216184"]
[WhiteElo "2573"]
[BlackElo "1894"]
[Result "1-0"]
[Round "02"]
[TimeControl "180+1"]
[Date "2021.06.22"]
[WhiteClock "0:02:24"]
[BlackClock "0:02:39"]

1. e4 c5 2. Be2 Nc6 3. d3 g6 4. f4 Bg7 5. Nf3 d6 6. O-O h5 7. c3 Rb8 8. a4 a6 9. Kh1 b5 10. axb5 axb5 11. Be3 b4 12. d4 Nf6 13. d5 Na5 14. Qa4+ Bd7 15. Qxa5 Qxa5 16. Rxa5 Nxe4 17. cxb4 cxb4 18. Bd4 O-O 19. Bxg7 Kxg7 20. Nbd2 Nxd2 21. Nxd2 Rfc8 22. Bd3 Bf5 23. Bxf5 gxf5 24. b3 Rc2 25. Nc4 Rc3 26. Rb1 Rc8 27. h3 h4 28. Rb5 e6 29. dxe6 fxe6 30. Nxd6 Rc1+ 31. Rxc1 Rxc1+ 32. Kh2 1-0


[Site "https://www.chess.com"]

[Event "Titled Tuesday Blitz June 22 2021"]
[White "Lazavik, Denis"]
[Black "Perez Rodriguez, Luis Manuel"]
[WhiteFideId "13515110"]
[BlackFideId "3503364"]
[WhiteElo "2436"]
[BlackElo "2429"]
[Result "0-1"]
[Round "02"]
[TimeControl "180+1"]
[Date "2021.06.22"]
[WhiteClock "0:00:17"]
[BlackClock "0:00:30"]

1. d4 d5 2. c4 c6 3. Nf3 Nf6 4. e3 e6 5. b3 Nbd7 6. Bd3 Bb4+ 7. Nbd2 Bc3 8. Rb1 e5 9. dxe5 Nxe5 10. Nxe5 Bxe5 11. O-O O-O 12. Qc2 Re8 13. Nf3 Bc7 14. cxd5 Qxd5 15. Bb2 Qh5 16. Bxf6 gxf6 17. Rfd1 Bg4 18. Be2 Kh8 19. Qc3 Re6 20. e4 Rg8 21. g3 Rg6 22. Rd4 Bb6 23. Rc4 Rh6 24. h4 Rg6 25. Kf1 Kg8 26. Ng1 f5 27. Bxg4 Rxg4 28. Re1 f4 29. Qf3 fxg3 30. fxg3 Qg6 31. Ne2 Rexe4 32. Rxe4 Rxe4 33. Nf4 Rxe1+ 34. Kxe1 Qb1+ 35. Qd1 Qe4+ 36. Qe2 Qb1+ 37. Qd1 Bf2+ 38. Ke2 Qxd1+ 39. Kxd1 Bxg3 40. Ng2 Kg7 41. Ke2 Kf6 42. Kf3 Be5 43. Kg4 Bd6 44. Ne1 b5 45. Nf3 c5 46. Ng5 h6 47. Ne4+ Ke5 48. Kf3 f5 49. Nc3 a6 50. a4 Kd4 51. Ne2+ Kd3 52. axb5 axb5 53. h5 c4 54. bxc4 bxc4 55. Nc1+ Kd2 56. Na2 c3 57. Kg2 c2 58. Kf3 c1=Q 59. Nxc1 Kxc1 60. Kg2 Kd2 61. Kh3 Ke3 62. Kg2 Kf4 63. Kh3 Kg5 64. Kg2 Kxh5 65. Kh3 Kg5 66. Kg2 Kf4 67. Kh3 Be5 68. Kg2 Ke3 69. Kh3 f4 70. Kg2 f3+ 71. Kh3 f2 72. Kg2 Ke2 73. Kh3 f1=Q+ 0-1


[Site "https://www.chess.com"]